 Dungeon Crawl Stone Soup version 0.28-a0-794-gafe8c5f9e9 (webtiles) character file.

Game seed: 10241465910483965575

2804 mathmaestro the Ruffian (level 9, -1/89 HPs)
             Began as a Troll Monk on Nov 5, 2021.
             Slain by a boulder beetle (56 damage)
             ... on level 6 of the Dungeon.
             The game lasted 00:10:59 (4830 turns).

mathmaestro the Ruffian (Troll Monk)                Turns: 4830, Time: 00:10:59

Health: -1/89      AC:  4    Str: 24    XL:     9   Next: 44%
Magic:  17/17      EV: 11    Int:  6    God:
Gold:   362        SH:  4    Dex: 12    Spells: 8/8 levels left

rFire   + . .      SeeInvis .     - Unarmed
rCold   . . .      Faith    .   (no shield)
rNeg    . . .      Spirit   .   a - +0 robe
rPois   .          Reflect  .   (helmet restricted)
rElec   .          Harm     .   (no cloak)
rCorr   .          Rampage  .   (gloves unavailable)
Will    .....                   (boots unavailable)
Stlth   ++........              b - amulet of regeneration
HPRegen 2.24/turn               n - ring of protection from fire
MPRegen 0.15/turn               w - ring of magical power

@: no status effects
A: large, unfitting armour, claws 3, regeneration 1, shaggy fur 1, tough skin 1,
large bone plates 1
a: no special abilities


You were on level 6 of the Dungeon.
You visited 1 branch of the dungeon, and saw 6 of its levels.
You also visited: Sewer.

You collected 362 gold pieces.

Inventory:

Missiles
 c - 81 arrows
 d - 38 sling bullets
 j - 65 bolts
 l - 146 stones (quivered)
 q - 29 poisoned darts
 r - 2 curare-tipped darts
 y - 5 boomerangs
Armour
 a - a +0 robe (worn)
Jewellery
 b - an amulet of regeneration (around neck)
 n - a ring of protection from fire (left claw)
 w - a ring of magical power (right claw)
Wands
 k - a wand of paralysis (6)
 m - a wand of polymorph (13)
Scrolls
 p - a scroll of brand weapon
 z - 2 scrolls of magic mapping
 A - a scroll of blinking {unknown}
 B - a scroll of teleportation
Potions
 e - 3 potions of might
 f - a potion of lignification {unknown}
 g - 2 potions of heal wounds
 h - 2 potions of curing
 i - 4 potions of haste
 o - a potion of ambrosia {unknown}
 s - 2 potions of experience {unknown}
 t - 2 potions of magic {unknown}
 u - a potion of brilliance {unknown}
 v - a potion of berserk rage {unknown}
 x - a potion of flight {unknown}
 C - a potion of mutation


   Skills:
 + Level 5.6 Fighting
 + Level 4.5 Throwing
 + Level 5.7 Dodging
 - Level 1.0 Stealth
 + Level 6.8 Unarmed Combat
 + Level 3.8 Evocations


You had 8 spell levels left.
You didn't know any spells.
Your spell library contained the following spells:

 Spells                   Type           Power      Damage    Failure   Level
 Slow                     Hex            0%         N/A       45%         1
 Call Canine Familiar     Summ           0%         N/A       83%         3
 Confusing Touch          Hex            0%         N/A       83%         3
 Portal Projectile        Hex/Tloc       0%         N/A       83%         3
 Vampiric Draining        Necr           0%         2d6       83%         3
 Animate Armour           Summ/Erth      0%         N/A       99%         4
 Leda's Liquefaction      Hex/Erth       0%         N/A       99%         4
 Blade Hands              Tmut           0%         N/A       100%        5
 Lee's Rapid Deconstruct  Erth           0%         3d5*      100%        5
 Iron Shot                Conj/Erth      0%         9d1       100%        6
 Statue Form              Tmut/Erth      0%         N/A       100%        6


Dungeon Overview and Level Annotations

Branches:
Dungeon (6/15)              Sewer (visited)
 Temple: D:4-7

Altars:
Cheibriados
Ru
Zin

Shops:
D:1 :   D:4 =


Innate Abilities, Weirdness & Mutations

You are too large for most types of armour.
You have claws for hands.
Your natural rate of healing is unusually fast.
You are covered in fur. (AC +1)
You have tough skin. (AC +1)
You are partially covered in large bone plates. (SH +4)


Message History

You hear some strange, mumbled words.
A magic dart appears from out of thin air!
The magic dart hits you. Something hits you but does no damage.
The boulder beetle leaps!
You scratch something. Something hits you but does no damage.
The sky beast flickers out of sight!
Something hits you but does no damage.
You scratch something. You block something's attack.
Something hits you but does no damage.
You mangle something!!
Reactivating autopickup.
You feel a bit more experienced. Something hits you. Something shocks you.
Deactivating autopickup; reactivate with Ctrl-A.
Something completely misses you.
You miss something. Something hits you but does no damage. Something hits you.
You miss something. You block something's attack. Something hits you.
You barely miss something. Something hits you but does no damage.
You mangle something!!
Reactivating autopickup.
You feel a bit more experienced.
You now have 362 gold pieces (gained 13).
Items here: ) [[ †.
Something hits you. Something shocks you.
Deactivating autopickup; reactivate with Ctrl-A.
Found a murky cyan potion.
The boulder beetle bites you!
You scratch the boulder beetle but do no damage.
The boulder beetle is severely wounded.
Something hits you but does no damage. The boulder beetle bites you!!
You scratch the boulder beetle but do no damage.
The boulder beetle is severely wounded.
A sky beast appears from thin air!
Reactivating autopickup.
The sky beast barely misses you.
The boulder beetle leaps!
The sky beast flickers out of sight!
Deactivating autopickup; reactivate with Ctrl-A.
A gnoll comes into view. It is wielding a +0 falchion.
The boulder beetle curls into a ball and begins rolling!
The gnoll shouts!
The boulder beetle hits you!!!
Ouch! That really hurt!
You die...

#######.######
#............#.
#.#####........
#<# #.####.## #.#
#.# # # #.# #.#
###.##.# #.#
#......# #.# #.@##
#.####.##
#.B.####))......
#○.#...)))###.##
..................
##!###.###....####
#. #.# #....... #
#g# #....### g.#
#.#.## ## #.#.#


You could see a boulder beetle (rolling) and a gnoll.

Vanquished Creatures
  Grinder (D:4)
  Sigmund (D:2)
  A water moccasin (D:4)
  A necrophage (D:5)
  3 ogres
  2 centaurs
  3 kobold brigands
  3 scorpions
  5 wights (D:6)
  2 howler monkeys (D:5)
  2 hounds
  2 gnoll shamans
  4 orc priests
  Jessica (D:3)
  An iguana (D:5)
  4 orc wizards
  Natasha (thrice) (D:3)
  28 gnolls
  16 adders
  9 river rats (Sewer)
  A white imp (D:5)
  3 ufetubi
  4 worms (D:2)
  A dart slug (D:5)
  29 orcs
  8 bats
  7 endoplasms
  5 giant cockroaches
  5 hobgoblins
  11 jackals (D:5)
  21 kobolds
  4 quokkas
  13 ball pythons
  2 frilled lizards (Sewer)
  9 goblins
  23 rats
238 creatures vanquished.

Notes
Turn   | Place    | Note
-------+----------+-------------------------------------------
     0 | D:1      | mathmaestro the Troll Monk began the quest for the Orb.
     0 | D:1      | Reached XP level 1. HP: 22/22 MP: 0/0
   185 | D:1      | Reached XP level 2. HP: 29/29 MP: 1/1
   503 | D:1      | Found Toagaan's Book Emporium.
   572 | D:1      | Found a faded altar of an unknown god.
   733 | D:2      | Noticed Sigmund
   739 | D:2      | Reached XP level 3. HP: 36/36 MP: 2/2
   746 | D:2      | Killed Sigmund
   747 | D:2      | Reached skill level 4 in Unarmed Combat
   747 | D:2      | Reached XP level 4. HP: 38/45 MP: 3/3
   747 | D:2      | Reached XP level 5. HP: 44/53 MP: 4/4
  1771 | D:3      | Found a glowing drain.
  1776 | Sewer    | Entered a sewer
  1808 | Sewer    | Reached XP level 6. HP: 59/61 MP: 5/5
  1978 | Sewer    | Reached skill level 1 in Throwing
  2040 | Sewer    | Reached skill level 1 in Evocations
  2181 | Sewer    | Reached XP level 7. HP: 56/70 MP: 6/6
  2444 | D:3      | Gained mutation: You are robust. (+10% HP) [potion of
                  | mutation]
  2444 | D:3      | Gained mutation: You are weak. (Str -2) [potion of
                  | mutation]
  2444 | D:3      | Gained mutation: You have sharp toenails. [potion of
                  | mutation]
  2538 | D:3      | Noticed Natasha
  2575 | D:3      | Killed Natasha
  2576 | D:3      | Reached skill level 5 in Unarmed Combat
  2587 | D:3      | Lost mutation: You are robust. (+10% HP) [potion of
                  | mutation]
  2587 | D:3      | Lost mutation: You have sharp toenails. [potion of
                  | mutation]
  2587 | D:3      | Lost mutation: You are weak. (Str -2) [potion of mutation]
  2587 | D:3      | Gained mutation: Your spells are a little harder to cast,
                  | but a little more powerful. [potion of mutation]
  2588 | D:3      | Lost mutation: Your spells are a little harder to cast, but
                  | a little more powerful. [potion of mutation]
  2588 | D:3      | Gained mutation: You are clumsy. (Dex -2) [potion of
                  | mutation]
  2588 | D:3      | Gained mutation: Your spells are a little easier to cast,
                  | but a little less powerful. [potion of mutation]
  2589 | D:3      | Lost mutation: You are clumsy. (Dex -2) [potion of
                  | mutation]
  2589 | D:3      | Lost mutation: Your spells are a little easier to cast, but
                  | a little less powerful. [potion of mutation]
  2589 | D:3      | Gained mutation: You are dopey. (Int -2) [potion of
                  | mutation]
  2589 | D:3      | Gained mutation: You have large cloven feet. [potion of
                  | mutation]
  2590 | D:3      | Lost mutation: You are dopey. (Int -2) [potion of mutation]
  2590 | D:3      | Lost mutation: You have large cloven feet. [potion of
                  | mutation]
  2590 | D:3      | Gained mutation: You are partially covered in large bone
                  | plates. (SH +4) [potion of mutation]
  2684 | D:3      | Noticed Jessica
  2693 | D:3      | Killed Jessica
  2741 | D:3      | Noticed Natasha
  2748 | D:3      | Killed Natasha
  2774 | D:3      | Noticed Natasha
  2780 | D:3      | Killed Natasha
  2913 | D:4      | Noticed Grinder
  3025 | D:4      | Paralysed by Grinder for 3 turns
  3034 | D:4      | Killed Grinder
  3055 | D:4      | Found Geilysop's Jewellery Shoppe.
  3114 | D:4      | Reached XP level 8. HP: 57/79 MP: 7/7
  3360 | D:4      | Found a snail-covered altar of Cheibriados.
  3364 | D:4      | Found a sacrificial altar of Ru.
  3613 | D:5      | Entered Level 5 of the Dungeon
  3778 | D:4      | Reached skill level 5 in Dodging
  3793 | D:5      | Reached skill level 6 in Unarmed Combat
  3851 | D:4      | Reached skill level 5 in Fighting
  4022 | D:5      | Reached XP level 9. HP: 88/88 MP: 8/8
  4282 | D:5      | Found a glowing silver altar of Zin.
  4770 | D:6      | Noticed a boulder beetle
  4830 | D:6      | Slain by a boulder beetle

Illustrated notes

Levels and vault maps discovered:
D:1:      mrwooster_arrival_statue_3, layout_rooms,
          shapermc_ecumenical_altar_mp_urbaneastern, serial_shops,
          nicolae_shop_behind_doors, minmay_close_crescents
D:2:      minmay_recursive_quarters, layout_basic, minmay_misc_feat_x,
          uniq_sigmund
D:3:      layout_rooms, portal_sewer_entry_e, minmay_fractal_squares_diagonal_5,
          uniq_jessica, uniq_natasha
D:4:      layout_rooms, minitemple, serial_shops, nicolae_shop_crystal,
          uniq_grinder
D:5:      lemuel_castle_with_subvaults [lemuel_castle_interior_carwin_3],
          layout_rooms, amcnicky_altar_gilded
D:6:      layout_loops_ring

Skill      XL: |  1  2  3  4  5  6  7  8  9 |
---------------+----------------------------+-----
Fighting       | 3 4 5 |  5.6
Dodging        | 3 4 5 |  5.7
Unarmed Combat | 4 5 6 |  6.8
Throwing       | 1 2 3 4 |  4.5
Evocations     | 1 2 3 |  3.8
Stealth        | |  1.0

Action                   |  1- 3 |  4- 6 |  7- 9 || total
-------------------------+-------+-------+-------++-------
Melee: Unarmed           |    49 |   188 |   413 ||   650
       Punch             |       |     5 |    13 ||    18
       Kick              |       |       |     4 ||     4
Evoke: Wand              |       |       |     1 ||     1
  Use: Scroll            |       |     4 |     8 ||    12
       Potion            |       |       |     7 ||     7
 Stab: Sleeping          |     2 |     3 |     3 ||     8
       Paralysed         |       |       |    12 ||    12
Armor: Robe              |    11 |    58 |    99 ||   168
Dodge: Dodged            |    23 |   107 |   238 ||   368
Block: Other             |       |       |    59 ||    59

Table legend: (Time is in decaauts)
 A = Elapsed time spent in this place.
 B = Non-inter-level travel time spent in this place.
 C = Inter-level travel time spent in this place.
 D = Time resting spent in this place.
 E = Time spent auto-exploring this place.
 F = Levels seen in this place.
 G = Mean time per level.
                   A        B        C        D        E       F      G
               +--------+--------+--------+--------+--------+-----+--------+
         Total |   4801 |   4602 |    199 |    206 |   2930 |   7 |  685.9 |
       Dungeon |   4167 |   3968 |    199 |    197 |   2567 |   6 |  694.5 |
         Sewer |    633 |    633 |      0 |      9 |    363 |   1 |  633.0 |
               +--------+--------+--------+--------+--------+-----+--------+

Top non-repeatable levels by time:
     D:2: 1069 daAuts
     D:5: 872 daAuts
     D:4: 803 daAuts
     D:3: 706 daAuts
   Sewer: 633 daAuts
     D:1: 602 daAuts
     D:6: 112 daAuts
